 Dungeon Crawl Stone Soup version 0.28.0-45-g0d030f2227 (webtiles) character file.

Game seed: 6515642991719308773

142 Faeu the Shield-Bearer (level 5, -34/47 HPs)
             Began as a Minotaur Fighter on Apr 4, 2022.
             Killed from afar by Ijyb (44 damage)
             ... with a bolt of acid
             ... on level 3 of the Dungeon.
             The game lasted 00:05:22 (1529 turns).

Faeu the Shield-Bearer (Minotaur Fighter)           Turns: 1529, Time: 00:05:23

Health: -34/47     AC:  2    Str: 22    XL:     5   Next: 4%
Magic:  4/4        EV:  8    Int:  5    God:
Gold:   29         SH:  4    Dex: 10    Spells: 4/4 levels left

rFire   . . .      SeeInvis .   a - +0 war axe {axe}
rCold   . . .      Faith    .   c - +0 buckler
rNeg    . . .      Spirit   .   g - +0 chain mail
rPois   .          Reflect  .   (helmet restricted)
rElec   .          Harm     .   (no cloak)
rCorr   .          Rampage  .   k - +0 pair of gloves
Will    .....                   (no boots)
Stlth   ..........              (no amulet)
HPRegen 0.15/turn               (no ring)
MPRegen 0.09/turn               (no ring)

@: corroded
A: horns 2, retaliatory headbutt
a: no special abilities


You were on level 3 of the Dungeon.
You visited 1 branch of the dungeon, and saw 3 of its levels.

You collected 29 gold pieces.


Innate Abilities, Weirdness & Mutations

You have a pair of horns on your head.
You reflexively headbutt those who attack you in melee.


   Skills:
 + Level 4.3 Fighting
 + Level 3.3 Axes
 + Level 1.6 Throwing
 + Level 4.2 Armour
 + Level 1.9 Dodging
 + Level 4.3 Shields


You had 4 spell levels left.
You didn't know any spells.
Your spell library contained the following spells:

 Spells                   Type           Power      Damage    Failure   Level
 Corpse Rot               Necr/Air       0%         N/A       100%        2
 Confusing Touch          Hex            0%         N/A       100%        3
 Dispel Undead            Necr           0%         3d6       100%        4
 Yara's Violent Unravell  Hex/Tmut       0%         3d3       100%        5
 Death Channel            Necr           0%         N/A       100%        6
 Enfeeble                 Hex            0%         N/A       100%        7
 Borgnjor's Revivificati  Necr           0%         N/A       100%        8
 Necromutation            Tmut/Necr      0%         N/A       100%        8
 Death's Door             Necr           0%         N/A       100%        9

Inventory:

Hand Weapons
 a - a +0 war axe (weapon) {axe}
Missiles
 p - 5 poisoned darts (quivered) {throwing}
 r - a boomerang {throwing}
Armour
 c - a +0 buckler (worn)
 g - a +0 chain mail (worn)
   (You found it on level 1 of the Dungeon)
 k - a +0 pair of gloves (worn)
   (You found it on level 1 of the Dungeon)
 n - an orb of mayhem
   (You found it on level 2 of the Dungeon)
Jewellery
 b - a ring of fire
   (You found it on level 2 of the Dungeon)
Scrolls
 e - 2 scrolls of identify {unknown}
 f - 3 scrolls of immolation {unknown}
 h - 2 scrolls of teleportation {unknown}
 i - a scroll of acquirement {unknown}
 q - a scroll of enchant weapon {unknown}
Potions
 d - a potion of might
 j - 2 potions of curing {unknown}
 l - 3 potions of mutation {unknown}
 m - a potion of berserk rage {unknown}
 o - a potion of degeneration {unknown}

Dungeon Overview and Level Annotations

Branches:
Dungeon (3/15)

Altars:

Annotations:
D:3 Ijyb

######### #.......##
#........##### ##
#............### ...
+............... ..#
#............### #.#
#............... #.#
#####.##@.....# #.#
#.##g.....# ##
#.########.##.####...
.# #.....).....#.# ##
.###.###########..
.........# ...
#.##.###.# ### #..#.#
##.#.#


You could see Ijyb.


Message History

You take 4 damage, and now have 37/41 hp.
You hit the ball python.
You kill the ball python! 😕 HP[+1]
Things that are here:
a ball python corpse; a frilled lizard corpse A frilled lizard and 2 endoplasms come into view.
The endoplasm quivers.
The frilled lizard hisses angrily.
The endoplasm quivers.
Things that are here:
a ball python corpse; a frilled lizard corpse 😕 HP[+1]
Things that are here:
a ball python corpse; a frilled lizard corpse You slash the frilled lizard!
You kill the frilled lizard!
The endoplasm freezes you.
You are frozen. 😕 HP[-5]
You take 5 damage, and now have 34/41 hp.
You barely miss the endoplasm. The endoplasm freezes you.
You are frozen. 😕 HP[-1]
You take 1 damage, and now have 33/41 hp.
You slash the endoplasm!
You kill the endoplasm!
You slash the endoplasm!
You kill the endoplasm!
Things that are here:
a ball python corpse; a frilled lizard corpse 😕 HP[+1]
Things that are here:
a ball python corpse; a frilled lizard corpse 😕 HP[+1] 😕 HP[+1]
An orc comes into view. It is wielding a +0 short sword.
The orc shouts!
You see here a scroll labelled AMATOA LADDYOST. 😎 HP[+5] 2 orcs come into view.
The orc shouts! x2
You see here 7 gold pieces.
The orc closely misses you. You furiously retaliate!
You headbutt the orc, but do no damage. You barely miss the orc.
You headbutt the orc. You closely miss the orc.
The orc hits you with a +0 hand axe. 😕 HP[-3]
You take 3 damage, and now have 38/41 hp.
You slash the orc!
You kill the orc!
The orc hits you with a +0 short sword.
You have reached level 5! 😕 HP[+1] MP[+1]
You now have 47 max hp (+6).
Your mp is fully restored (4).
You hit the orc. You block the orc's attack.
You hit the orc.
You kill the orc!
The orc barely misses you. You furiously retaliate!
You headbutt the orc. You slash the orc!
You kill the orc!
Items here: ( ))) [. 😕 HP[+1]
r - a boomerang {throwing} You now have 29 gold pieces (gained 7).
f - 3 scrolls labelled AMATOA LADDYOST (gained 1) 😕 HP[+1]
Items here: ))) [. 😕 HP[+1] Ijyb the Twisted Goblin comes into view.
She is wielding a +0 club and carrying a wand of acid (5).
Ijyb shouts! 😎 HP[+5]
You barely miss Ijyb. You headbutt Ijyb!
Ijyb zaps a wand.
The bolt of acid hits you!! The acid corrodes you! 😮 HP[-21]
You take 21 damage, and now have 26/47 hp.
MASSIVE DAMAGE!! (PAUSE)
You closely miss Ijyb.
Ijyb zaps a wand.
The bolt of acid misses you. Ijyb screams, "Me stronger than you!"
Ijyb zaps a wand.
The bolt of acid hits you!
* * * LOW HITPOINT WARNING * * *
The acid corrodes you! 😱 HP[-17]
You take 17 damage, and now have 9/47 hp.
MASSIVE DAMAGE!! (PAUSE)
You hit Ijyb. You block Ijyb's attack.
You closely miss Ijyb. You headbutt Ijyb, but do no damage.
Ijyb zaps a wand.
The bolt of acid misses you. 😱 HP[+1]
You hit Ijyb but do no damage.
Ijyb zaps a wand.
The bolt of acid hits you!!!
Ouch! That really hurt!
You die...

Skill      XL: |  1  2  3 |
---------------+----------+-----
Dodging        | 1 |  1.9
Throwing       | 1 |  1.6
Shields        | 4 |  4.3
Fighting       | 4 |  4.3
Axes           | 3 |  3.3
Armour         | 4 |  4.2

Action                   |  1- 3 |  4- 6 || total
-------------------------+-------+-------++-------
Melee: War axe           |    84 |    27 ||   111
       Headbutt          |     7 |     4 ||    11
Armor: Scale mail        |     8 |       ||     8
       Chain mail        |    26 |     6 ||    32
Dodge: Dodged            |    33 |    14 ||    47
Block: Buckler           |    23 |     5 ||    28

Levels and vault maps discovered:
D:1:      amcnicky_arrival_single_pillar, layout_basic
D:2:      layout_rooms
D:3:      layout_basic, hellmonk_ecumenical_altar_run_dry, uniq_ijyb

Notes
Turn   | Place    | Note
-------+----------+-------------------------------------------
     0 | D:1      | Faeu the Minotaur Fighter began the quest for the Orb.
     0 | D:1      | Reached XP level 1. HP: 19/19 MP: 0/0
     0 | D:1      | magus.rc [v1.9.6]
   191 | D:1      | Reached XP level 2. HP: 27/27 MP: 1/1
   553 | D:1      | You pick up a book of Decay and begin reading...
   553 | D:1      | You add the spells Corpse Rot, Dispel Undead and Death
                  | Channel to your library.
   560 | D:1      | You pick up a book of Misfortune and begin reading...
   560 | D:1      | You add the spells Confusing Touch, Yara's Violent
                  | Unravelling and Enfeeble to your library.
   754 | D:2      | Reached skill level 1 in Dodging
   758 | D:2      | Reached XP level 3. HP: 29/33 MP: 2/2
   893 | D:2      | Reached skill level 1 in Throwing
   912 | D:2      | Reached skill level 4 in Shields
   952 | D:2      | Reached skill level 4 in Fighting
   960 | D:2      | Reached skill level 3 in Axes
  1010 | D:2      | Reached skill level 4 in Armour
  1105 | D:2      | You add the spells Borgnjor's Revivification, Necromutation
                  | and Death's Door to your library.
  1215 | D:3      | Noticed a scorpion
  1225 | D:3      | Killed a scorpion
  1226 | D:3      | Reached XP level 4. HP: 32/40 MP: 3/3
  1467 | D:3      | Reached XP level 5. HP: 39/47 MP: 4/4
  1523 | D:3      | Noticed Ijyb
  1526 | D:3      | HP: 9/47 [Ijyb/bolt of acid (17)]
  1529 | D:3      | Killed from afar by Ijyb

Vanquished Creatures
  A scorpion (D:3)
  3 adders
  2 dart slugs (D:2)
  4 orcs (D:3)
  3 bats
  6 endoplasms
  2 giant cockroaches
  4 goblins
  7 hobgoblins
  A quokka (D:1)
  7 ball pythons
  5 frilled lizards
  2 kobolds
  4 rats
51 creatures vanquished.

Table legend:
 A = Non-vault XP
 B = Vault XP
 C = Vault XP percentage of total XP
 D = Non-vault monster count
 E = Vault monster count
 F = Vault count percentage of total count
                 A         B        C        D         E       F
            +---------+---------+-------+---------+---------+-------
      Total |     204 |       0 |   0.0 |      51 |       0 |   0.0
            +---------+---------+-------+---------+---------+-------
        D:1 |      32 |       0 |   0.0 |      20 |       0 |   0.0
        D:2 |      45 |       0 |   0.0 |      18 |       0 |   0.0
        D:3 |     127 |       0 |   0.0 |      13 |       0 |   0.0
            +---------+---------+-------+---------+---------+-------

Illustrated notes

Table legend:
 A = Kills in this place as a percentage of kills in entire the game.
 B = Kills by you in this place as a percentage of kills by you in the entire game.
 C = Kills by friends in this place as a percentage of kills by friends in the entire game.
 D = Other kills in this place as a percentage of other kills in the entire game.
 E = Experience gained in this place as a percentage of experience gained in the entire game.
 F = Experience gained in this place divided by the number of levels of this place that you have seen.
                   A       B       C       D       E      F
               +-------+-------+-------+-------+-------+----------------------
         Total | 100.0 | 100.0 |   N/A |   N/A | 100.0 |  68.0
       Dungeon | 100.0 | 100.0 |   N/A |   N/A | 100.0 |  68.0
               +-------+-------+-------+-------+-------+----------------------

Table legend: (Time is in decaauts)
 A = Elapsed time spent in this place.
 B = Non-inter-level travel time spent in this place.
 C = Inter-level travel time spent in this place.
 D = Time resting spent in this place.
 E = Time spent auto-exploring this place.
 F = Levels seen in this place.
 G = Mean time per level.
                   A        B        C        D        E       F      G
               +--------+--------+--------+--------+--------+-----+--------+
         Total |   1571 |   1502 |     69 |      0 |    956 |   3 |  523.7 |
       Dungeon |   1571 |   1502 |     69 |      0 |    956 |   3 |  523.7 |
               +--------+--------+--------+--------+--------+-----+--------+

Top non-repeatable levels by time:
     D:1: 679 daAuts
     D:2: 555 daAuts
     D:3: 336 daAuts
